[Event "SixDays Budapest March IM 2023"]
[Site "Budapest"]
[Date "2023.03.24"]
[Round "1.1"]
[White "Balogh, Peter"]
[Black "Pham, Tran Gia Phuc"]
[Result "1/2-1/2"]
[ECO "B67"]
[WhiteElo "2264"]
[BlackElo "2238"]
[Annotator "TA"]
[PlyCount "88"]
[EventDate "2023.03.24"]
[EventType "tourn"]
[EventCountry "HUN"]
[SourceTitle "playchess.com"]
[Source "ChessBase"]
[SourceQuality "1"]
[TimeControl "5400+30"]

1. e4 c5 2. Nf3 Nc6 3. d4 cxd4 4. Nxd4 Nf6 5. Nc3 d6 6. Bg5 e6 7. Qd2 a6 8. O-O-O Bd7 9. f3 Be7 10. g4 b5 {[%emt 0:01:33] B67: Sicilian: Richter-Rauzer: 7...a6 8 0-0-0 Bd7, lines without 9 f4 Be7.} 11. h4 Ne5 12. Bxf6 gxf6 {[%emt 0:00:23] White has an edge.} 13. Rg1 {[%emt 0:00:36] [#]} Qb6 $146 ({Predecessor:} 13... Qa5 14. f4 b4 15. Nb1 Nc6 16. Bc4 Qc5 17. Qd3 Nxd4 18. Qxd4 Qxd4 19. Rxd4 d5 {0-1 Peshkova,Y-Arutiunova,Y RUS-ch U18 Girls 2001 (4)}) 14. f4 b4 15. Nb1 Nc6 16. Bg2 (16. Nf3 $11 {keeps the balance.}) 16... Qxd4 17. Qxd4 Nxd4 18. Rxd4 Rb8 19. Re1 (19. f5 $15) 19... e5 $17 20. Rd3 Bxg4 (20... exf4 $142 21. Bf3 Rg8) 21. f5 Rg8 22. Rg3 ({Better is} 22. Bf1) 22... Kd7 23. Bf1 a5 ({Black should play} 23... Bf8 $17 {...Bh6+ would be deadly.} 24. Nd2 Bh6) 24. Bc4 $1 $11 Bh5 25. Reg1 Rxg3 (25... Rgc8 $5 26. b3 Bf8 $15) 26. Rxg3 Bf8 27. c3 a4 28. b3 Bh6+ 29. Kc2 {[%emt 0:00:15] Threatens to win with cxb4.} axb3+ 30. axb3 {[%emt 0:02:18] Hoping for cxb4.} (30. Bxb3 $5 Rc8 31. Kd3 $11) 30... Ra8 {[%emt 0:04:03] [#] ( -> ...Ra2+)} 31. Kb2 {[%emt 0:01:21] Wards off Ra2+} Rc8 $1 32. cxb4 d5 33. exd5 e4 34. Nc3 Bf3 35. b5 Kd6 36. b6 Rb8 37. Nb5+ Kd7 38. b7 {[%emt 0:07:12][%mdl 64] [#] Deflection. The position is equal.} Rxb7 39. Rg8 e3 {[%emt 0:01:26] White must now prevent ...e2.} 40. Nd4 Be4 41. Rg4 Bh1 42. Rg1 Be4 43. Rg4 Bh1 44. Rg1 Be4 {[%emt 0:00:05] Weighted Error Value: White=0.13 (very precise) /Black=0.14 (very precise)} 1/2-1/2

[Event "SixDays Budapest March IM 2023"]
[Site "Budapest"]
[Date "2023.03.24"]
[Round "1.2"]
[White "To, Nhat Minh"]
[Black "Halak, Miklos"]
[Result "1/2-1/2"]
[ECO "C72"]
[WhiteElo "2342"]
[BlackElo "2257"]
[Annotator "TA"]
[PlyCount "36"]
[EventDate "2023.03.24"]
[EventType "tourn"]
[EventCountry "HUN"]
[SourceTitle "playchess.com"]
[Source "ChessBase"]
[SourceQuality "1"]
[TimeControl "5400+30"]

1. e4 e5 2. Nf3 Nc6 3. Bb5 a6 4. Ba4 d6 5. O-O Bd7 6. c3 Nge7 7. d4 Ng6 8. Re1 Be7 9. Nbd2 O-O $1 {[%emt 0:00:19] [#]  The main line 9...0-0 scores better than 9...h6.} {Predecessor:} 10. Nf1 $146 {C75: Ruy Lopez: Deferred Steinitz: 5 c3 Bd7 6 d4 without ...g6.} exd4 11. cxd4 Bg4 12. Bxc6 bxc6 13. Ne3 Bd7 14. Qc2 Bf6 15. Bd2 Re8 16. Rad1 Qb8 17. Bc3 Qb5 18. e5 Be7 {½-½ Durarbayli,V (2635)-Alekseenko,K (2686) Chessable Play In Match rapid 2023 (1.1)} 1/2-1/2

[Event "SixDays Budapest March IM 2023"]
[Site "Budapest"]
[Date "2023.03.24"]
[Round "1.3"]
[White "Horvath, David"]
[Black "Gandhi, Anish"]
[Result "1/2-1/2"]
[ECO "A16"]
[WhiteElo "2380"]
[BlackElo "2187"]
[Annotator "TA"]
[PlyCount "67"]
[EventDate "2023.03.24"]
[EventType "tourn"]
[EventCountry "HUN"]
[SourceTitle "playchess.com"]
[Source "ChessBase"]
[SourceQuality "1"]
[TimeControl "5400+30"]

1. c4 Nf6 2. Nc3 c5 3. Nf3 g6 4. g3 b6 5. Bg2 Bb7 6. O-O Bg7 7. d3 O-O 8. Bd2 d5 {[%emt 0:05:19] A30: Symmetrical English: Double Fianchetto and Hedgehog.} 9. cxd5 Nxd5 10. Qa4 Nc6 {[%emt 0:08:20] The position is equal.} 11. Rfc1 {[%emt 0:03:35] [#]} Nd4 $146 ({Predecessor:} 11... e6 12. Rab1 Qe7 13. a3 Rfc8 14. Bg5 Qd7 15. Qh4 Nd4 16. Nxd4 cxd4 17. Ne4 Rxc1+ 18. Rxc1 Rc8 19. Rxc8+ Bxc8 20. Nf6+ Nxf6 21. Bxf6 e5 22. Bxg7 {½-½ Karlsson,L (2470)-Astrom,R (2452) SWE-chT 9900 1999 (7)}) 12. Nxd4 Bxd4 13. Rab1 e6 14. a3 Qe7 15. Nxd5 Bxd5 16. Bxd5 exd5 17. e3 Bg7 18. b4 Rfc8 19. Qa6 c4 20. dxc4 dxc4 21. Rxc4 Rxc4 22. Qxc4 Qd7 23. Be1 Rc8 24. Qb3 b5 25. Rd1 Qf5 26. Rd5 Qf3 {[%emt 0:00:49] [#] ...Rc1 is the strong threat.} 27. Bd2 {[%emt 0:00:29] Against Rc1+} (27. Rxb5 $2 {too greedy.} Rc1 28. Rb8+ Bf8 $19) (27. Qd3 {with more complications.} Rc1 28. Rd8+ Bf8 29. Qd2) 27... a6 28. Qd3 {[%emt 0:01:51] Rd8+ would be deadly.} h5 29. h4 (29. e4 {simplifies} Qxd3 30. Rxd3 Bb2 31. Kg2) 29... Bf6 30. Rd7 Be5 {[%emt 0:05:50][%cal Oe5g3] White is slightly better.} 31. e4 Qxd3 32. Rxd3 Rc4 33. Rd8+ Kg7 34. Be3 {[%emt 0:00:53] Weighted Error Value: White=0.06 (flawless) /Black=0.07 (flawless)} (34. Ra8 $14) 1/2-1/2

[Event "SixDays Budapest March IM 2023"]
[Site "Budapest"]
[Date "2023.03.24"]
[Round "1.4"]
[White "Neszmenyi, Zoltan"]
[Black "Ulasevich, Sergei"]
[Result "0-1"]
[ECO "A04"]
[WhiteElo "1885"]
[BlackElo "2236"]
[Annotator "TA"]
[PlyCount "90"]
[EventDate "2023.03.24"]
[EventType "tourn"]
[EventCountry "HUN"]
[SourceTitle "playchess.com"]
[Source "ChessBase"]
[SourceQuality "1"]
[TimeControl "5400+30"]

1. Nf3 c5 2. c4 g6 3. Nc3 Bg7 4. e3 Nf6 5. d4 cxd4 6. exd4 O-O 7. Be2 d5 8. O-O Nc6 9. h3 dxc4 10. Bxc4 a6 11. a4 Qd6 {[%emt 0:09:55] D94: Grünfeld: 4 Nf3 Bg7 5 e3.} 12. Be3 {[%emt 0:05:53] [#]} Nb4 $146 ({Predecessor:} 12... Bf5 13. d5 Na5 14. Ba2 Rac8 15. Bd4 Rfe8 16. Re1 Qb4 17. Ne5 Nd7 18. d6 Nxe5 19. Bxe5 exd6 {½-½ Kunal,M (2302)-Illingworth,M (2458) Abu Dhabi op 23rd 2016 (9)}) 13. Qb3 Bf5 {[%emt 0:02:30] The position is equal.} 14. Rac1 Bd3 15. Bxd3 (15. Bxf7+ $1 $14 Rxf7 16. Ne5 {[%mdl 64] Pin}) 15... Nxd3 $11 16. Rcd1 Nb4 17. Ne5 {[%emt 0:05:56] Nc4 is the strong threat.} Nbd5 18. Bd2 (18. Bg5 $5 ) 18... Qb4 19. Qxb4 (19. Qc2 $5 Qxd4 20. Nxd5 Qxd5 21. Rfe1 $11) 19... Nxb4 20. Ne4 {[%emt 0:05:32][%mdl 64] [#] Black must now prevent Nxf6+. Discovered Attack} Nbd5 21. Nxf6+ Nxf6 22. Rc1 Nd5 23. Rc5 Rfd8 24. Rfc1 e6 25. b3 Bf8 26. R5c4 Bd6 27. g3 f6 28. Nd3 Nb6 29. R4c3 Nd5 30. Rc4 Kf7 31. Nc5 b6 32. Nb7 Rd7 33. Nxd6+ Rxd6 34. Kf1 g5 35. Rc8 Rd8 36. R8c6 Ke7 37. Ke2 Kd7 38. Kf3 h5 39. g4 (39. Ke4 $11) 39... hxg4+ $15 40. hxg4 Rh8 {[%emt 0:00:20] ...Rh3+ would be deadly.} 41. Kg2 {[%emt 0:01:48] [#] Against Rh3. Now White is beyond hope.} ({White should try} 41. b4 $15) 41... Rh4 $1 $19 42. a5 (42. Kg3 $142) 42... Rxg4+ {[%emt 0:05:22] Black has a decisive advantage.} 43. Kf3 Rxd4 44. Be3 Rb4 45. axb6 Rxb3 {[%emt 0:00:07] Weighted Error Value: White=0.21 (precise) /Black=0.08 (flawless)} 0-1

[Event "SixDays Budapest March IM 2023"]
[Site "Budapest"]
[Date "2023.03.24"]
[Round "1.5"]
[White "Szeberenyi, Adam"]
[Black "Udvardi, Zalan"]
[Result "1/2-1/2"]
[ECO "B12"]
[WhiteElo "2338"]
[BlackElo "2260"]
[Annotator "TA"]
[PlyCount "51"]
[EventDate "2023.03.24"]
[EventType "tourn"]
[EventCountry "HUN"]
[SourceTitle "playchess.com"]
[Source "ChessBase"]
[SourceQuality "1"]
[TimeControl "5400+30"]

1. e4 c6 2. d4 d5 3. e5 Bf5 4. Nc3 e6 5. g4 Bg6 6. Nge2 c5 7. Be3 Nc6 8. dxc5 h5 {[%emt 0:00:03] B12: Caro-Kann: Advance Variation.} 9. Nf4 d4 (9... Bh7 $5 10. Bb5 (10. gxh5 $2 d4 $19) 10... hxg4 $15) 10. Nxg6 {[%emt 0:00:06] The position is equal.} (10. gxh5 $2 {is the wrong capture.} Bf5 11. Bd2 dxc3 12. Bxc3 Bxc5 $19) 10... fxg6 11. Qd3 Kf7 {[%emt 0:00:06][%cal Oc6e5] [#]} (11... Nge7 $2 12. Nb5 $18) 12. Ne4 $146 ({Reject} 12. gxh5 Rxh5 13. O-O-O (13. Rg1 $2 Nxe5 14. Qe4 dxe3 $19) 13... dxc3 14. Qxc3 Qe8 $17) ({Predecessor:} 12. O-O-O dxc3 13. Qe4 cxb2+ 14. Kxb2 Qxd1 15. Bd3 Qxg4 16. f4 Rd8 17. Rg1 Qf5 18. Qc4 Rxd3 19. cxd3 Nge7 20. Qc1 Nd5 21. Bd2 Be7 22. Qf1 Rd8 {0-1 Vlassov,N (2294)-Keymer,V (2654) Titled Tuesday intern op 03rd May Late blitz 2022 (6)}) 12... dxe3 13. Qxe3 {[%emt 0:00:06] [#] Strongly threatening Ng5+.} Nge7 {[%emt 0:00:04] Hoping for ...Qa5+.} 14. Ng5+ $1 Kg8 15. Nxe6 {[%emt 0:00:07] Active counter play!} Qd5 16. Nc7 Qxh1 17. O-O-O {[%emt 0:00:11] [#] Threatens to win with Bc4+.} Na5 {[%emt 0:00:06][%cal Oa8d8] White must now prevent ...Rd8!} 18. Qf4 $1 Qc6 $1 19. Bc4+ $1 Nxc4 20. Qxc4+ Kh7 21. Ne6 Nd5 22. Ng5+ Kh6 $1 (22... Kg8 $2 23. Rxd5 Qa6 24. Qb3 $18) 23. Nf7+ Kh7 {[%emt 0:00:04][%cal Of8c5] ...Bxc5! is the strong threat.} 24. Ng5+ $1 Kh6 $1 (24... Kg8 $2 25. Rxd5 Qa6 26. Qb3 $18) 25. Nf7+ Kh7 {[%emt 0:00:08][%cal Of8c5] And now ...Bxc5! would win.} 26. Ng5+ $1 {A brilliant game!   Weighted Error Value: White=0.00 (flawless) /Black=0.03 (flawless)} 1/2-1/2

[Event "SixDays Budapest March IM 2023"]
[Site "Budapest"]
[Date "2023.03.25"]
[Round "2.1"]
[White "Pham, Tran Gia Phuc"]
[Black "Udvardi, Zalan"]
[Result "1-0"]
[ECO "D02"]
[WhiteElo "2238"]
[BlackElo "2260"]
[Annotator "TA"]
[PlyCount "97"]
[EventDate "2023.03.24"]
[EventType "tourn"]
[EventCountry "HUN"]
[SourceTitle "playchess.com"]
[Source "ChessBase"]
[SourceQuality "1"]
[TimeControl "5400+30"]

1. d4 Nf6 2. Nf3 d5 3. Bf4 c5 4. e3 e6 5. c3 Bd6 6. Bd3 {[%emt 0:00:06] D02: 1 d4 d5 2 Nf3 sidelines, including 2...Nf6 3 g3 and 2...Nf6 3 Bf4.} Qc7 7. Bxd6 Qxd6 8. Ne5 Nbd7 9. f4 b6 10. Nd2 Bb7 11. Qf3 Qe7 {[%emt 0:08:13] [#]} 12. g4 $146 ({Predecessor:} 12. Rc1 g5 13. fxg5 Nxe5 14. dxe5 Nd7 15. Qf4 O-O-O 16. O-O Rdg8 17. Bb5 Rxg5 18. Qxf7 {0-1 Althoff,R (1974)-Wahedi,A (2256) Walsrode Chessemy op-A 2023 (3)}) 12... O-O-O 13. a4 Nxe5 14. fxe5 Nd7 15. a5 f6 16. exf6 gxf6 17. axb6 axb6 18. Bb5 f5 19. O-O ({White should try} 19. gxf5 $14 Rhf8 20. Qg3) 19... Rhg8 $15 20. Ra7 (20. Kh1 $15) 20... Rxg4+ $17 21. Kh1 Rdg8 22. Rfa1 (22. Qh3 $17 {keeps fighting.}) 22... Qg7 (22... Qg5 $19 23. Bxd7+ Kxd7) 23. Qf1 {[%emt 0:02:54] Prevents Rg1+. Black must now prevent Ba6.} Nb8 {[%emt 0:04:05] Inhibits Ba6.} 24. Nf3 Rg2 25. b4 Rc2 (25... c4 $17 {...Rc2 is the strong threat.} 26. R1a2 Rxa2 27. Rxa2 Bc6 28. Ba6+ Kc7) 26. bxc5 $11 bxc5 27. Bd3 (27. Rb1 $11 {remains equal.} Qg2+ 28. Qxg2 Rgxg2 29. dxc5) 27... Rb2 $17 (27... Rxc3 28. Rb1 c4 29. Rbxb7 (29. Raxb7 Qxb7 30. Rxb7 Kxb7 $11) 29... Qxb7 30. Rxb7 Kxb7 31. Bxf5 (31. Qb1+ $2 Rb3 $19 {[%mdl 64] Deflection}) 31... exf5 32. Qb1+ Kc7 33. Qa1 Rxe3 34. Qa7+ Kd6 35. Qc5+ Ke6 36. Qb6+ Ke7 37. Qc5+ Ke6 38. Qb6+ Ke7 39. Qc5+ Ke6 $11) 28. R7a5 (28. R7a2 $17 Rxa2 29. Rxa2) 28... c4 $19 29. Be2 Nd7 {[%emt 0:03:12] Prevents Ne5. Threatens to win with ...Nf6.} 30. R5a2 Rxa2 31. Rxa2 Qh6 {[%emt 0:00:20] Against Nh4} 32. Qb1 $2 (32. Qc1) 32... Qxe3 33. Ra7 Bc6 (33... Qxe2 $2 34. Qxb7+ Kd8 35. Qxd7#) 34. Ng1 (34. Qe1 $142) 34... Qf2 $2 (34... Nf6 35. Qa1 Bb7) 35. Qf1 Qe3 (35... Qxf1 $19 36. Bxf1 Kb8) 36. Qa1 (36. Qb1 $1 $11 {and White has nothing to worry.} Nf6 37. Qa1) 36... Nb8 ({Don't go for} 36... Qe4+ $2 37. Bf3 Qe3 38. Bg2 $17) 37. Rxh7 f4 {[%emt 0:00:06] aiming for ...Qe4+.} ({Wrong is} 37... Qe4+ $2 38. Bf3 Qe3 39. Bg2 $19) 38. Bf3 {[%emt 0:00:26] [#] Repels Qe4} (38. Rh4 Be8 39. Rg4 Rxg4 40. Bxg4) 38... Rxg1+ $1 {[%emt 0:03:36][%mdl 576] Remove Defender} 39. Qxg1 {[%emt 0:00:05] Intending Qg8+ and mate.} Qxf3+ 40. Qg2 Qe4 (40... Qxc3 $2 {is a self mate.} 41. Qg8+) 41. Rf7 e5 42. Qxe4 dxe4 43. dxe5 e3+ 44. Kg1 {[%emt 0:00:03] [#]} f3 $1 45. e6 f2+ 46. Kf1 Be4 $2 ({Better is} 46... Kd8 $19 {( -> ...Be4)} 47. Rf4 Na6) 47. Rf8+ $11 {[%emt 0:00:03] The position is equal.} Kc7 48. e7 {[%emt 0:00:09] Dancing on a razor blade.} Bd3+ 49. Kg2 {[%emt 0:00:05][%mdl 32768] Weighted Error Value: White=0.99/Black=0.69. Sensor Board Error (Ke4/e5)?} 1-0

[Event "SixDays Budapest March IM 2023"]
[Site "Budapest"]
[Date "2023.03.25"]
[Round "2.2"]
[White "Ulasevich, Sergei"]
[Black "Szeberenyi, Adam"]
[Result "1/2-1/2"]
[ECO "B40"]
[WhiteElo "2236"]
[BlackElo "2338"]
[Annotator "TA"]
[PlyCount "69"]
[EventDate "2023.03.24"]
[EventType "tourn"]
[EventCountry "HUN"]
[SourceTitle "playchess.com"]
[Source "ChessBase"]
[SourceQuality "1"]
[TimeControl "5400+30"]

1. e4 c5 2. Nf3 e6 3. g3 Nc6 4. Bg2 Nf6 5. d3 d6 6. O-O Be7 7. Re1 O-O 8. c3 e5 9. d4 {[%emt 0:08:01] B30: Sicilian: 2...Nc6 3 Bb5, lines without ...g6.} exd4 10. cxd4 Bg4 11. dxc5 dxc5 {[%emt 0:01:04] [#]} (11... d5 {seems wilder.} 12. exd5 Nxd5 13. Nc3 Nxc3 14. bxc3 Bxc5 15. h3 Be6) 12. Nc3 $146 ({Predecessor:} 12. Qxd8 Raxd8 13. Nc3 Nb4 14. Rb1 Nc2 15. Rf1 Nd4 16. Nxd4 cxd4 17. Nd5 Nxd5 18. exd5 {0-1 Loy,K (2268)-Agibileg,U (2413) Titled Tuesday intern op 09th Feb blitz 2021 (7)}) 12... Qxd1 13. Rxd1 Rad8 {[%emt 0:11:41] [#] Threatens to win with ...Nd4.} 14. Rxd8 Rxd8 15. h3 Be6 16. Ng5 Bc8 17. f4 Nb4 18. e5 Nfd5 19. Nxd5 Nxd5 20. Ne4 Nb4 21. Bd2 Nd3 22. b3 f6 23. exf6 gxf6 24. Bc3 Kf7 25. Rd1 b5 26. Ba5 Rd4 27. Bc3 Rd7 28. Nf2 b4 {[%emt 0:03:19] [#] ...Nxf2 would be deadly.} 29. Ba1 (29. Rxd3 $11 Rxd3 30. Nxd3 bxc3 31. Kf2) 29... Nxf2 (29... c4 $1 $17 {White must now prevent ...Bc5.} 30. Nxd3 (30. bxc4 $2 Bc5 $19) 30... Bc5+ 31. Kf1 cxd3) 30. Rxd7 $11 {[%emt 0:00:03] The position is equal.} Bxd7 31. Kxf2 $17 {[%emt 0:00:03] KBB-KBB} Be6 32. Bf1 f5 33. Ke3 Bf6 34. Bxf6 Kxf6 35. Bb5 {[%emt 0:00:15] Weighted Error Value: White=0.11 (very precise) /Black=0.09 (flawless)} 1/2-1/2

[Event "SixDays Budapest March IM 2023"]
[Site "Budapest"]
[Date "2023.03.25"]
[Round "2.3"]
[White "Gandhi, Anish"]
[Black "Neszmenyi, Zoltan"]
[Result "1-0"]
[ECO "C65"]
[WhiteElo "2187"]
[BlackElo "1885"]
[Annotator "TA"]
[PlyCount "127"]
[EventDate "2023.03.24"]
[EventType "tourn"]
[EventCountry "HUN"]
[SourceTitle "playchess.com"]
[Source "ChessBase"]
[SourceQuality "1"]
[TimeControl "5400+30"]

1. e4 e5 2. Nf3 Nc6 3. Bb5 Nf6 4. d3 Bc5 5. Nbd2 O-O 6. Bxc6 {[%emt 0:01:48] C65: Ruy Lopez: Berlin Defence (3...Nf6), unusual lines and 4 0-0 Bc5.} dxc6 7. Nc4 Re8 8. Qe2 {[%emt 0:00:52] White has an edge.} Bg4 9. h3 Bxf3 10. Qxf3 b5 11. Ne3 Bb4+ 12. Kf1 {[%emt 0:03:33][%cal Be1f1,Bf1g2,Bg2h2][%mdl 32] [#]} Re6 $146 ({Predecessor:} 12... Bc5 13. Nf5 a5 14. h4 h5 15. Bg5 a4 16. Rd1 g6 17. Nh6+ Kg7 18. g4 Rh8 {1-0 Karpanov,V (2218)-Carlier,P (1539) VW-Cup9 Gr31 email 2016}) 13. g3 Nd7 14. Kg2 a5 15. Rf1 a4 16. a3 Ba5 17. Qe2 c5 18. Kh2 c6 19. Bd2 Bxd2 20. Qxd2 Qg5 21. f4 exf4 22. gxf4 Qh5 (22... Qf6 $11) 23. Rg1 Rg6 {[%emt 0:04:05] Wards off Rg5} 24. Rxg6 (24. Nf5 {with more complications.} Re8 25. Rg2 Rxg2+ 26. Qxg2 Qg6 27. Rg1) 24... hxg6 25. Rg1 Qh4 26. Ng4 f5 27. Nf2 (27. Qf2 $11 {is superior.} Qxf2+ 28. Nxf2) 27... Qf6 (27... Nf8 $15) 28. e5 $14 Nxe5 29. fxe5 Qxe5+ 30. Kh1 Qxb2 31. Qg5 Qf6 32. Qxf6 gxf6 33. Rxg6+ {[%emt 0:00:08][%mdl 4096] Endgame KRN-KR} Kf7 34. Rg1 b4 (34... Ke6 $14) 35. Ra1 (35. Rb1 $18 {has better winning chances.}) 35... Ke6 $16 36. Nd1 Ke5 37. Nb2 ({Better is} 37. Kg2 $16) 37... Kd4 $11 {[%emt 0:03:19] And now ...Kc3 would win.} 38. axb4 (38. Nc4 $11 {keeps the balance.}) 38... a3 $17 39. Nc4 (39. c3+ $17 Kxc3 40. Nd1+ Kb3 41. bxc5) 39... cxb4 $19 {Threatens to win with ...a2.} 40. Ra2 Re8 $2 (40... Rg8 $1 $19 {Hoping for ...f4.} 41. Nxa3 bxa3 42. Rxa3 f4 43. Ra4+ Ke3 44. Re4+ Kf3) 41. Kg2 $11 Re1 42. h4 Kc3 {[%emt 0:00:34] Strongly threatening ...Re2+.} 43. h5 $2 (43. Nxa3 $11 bxa3 44. Rxa3+ Kxc2 45. h5) 43... Re2+ $19 44. Kg3 Rxc2 45. Ra1 $2 {[%emt 0:00:01] [#]} (45. h6 Rxa2 46. h7 f4+ 47. Kh3) 45... a2 $2 ({Stronger than} 45... Kxd3 46. Nxa3 f4+ 47. Kxf4 $15) ({Black should try} 45... f4+ $1 $19 46. Kh3 Re2) 46. h6 $11 {[%emt 0:01:35] h7 would be deadly.} Kxd3 $2 {[%emt 0:00:33][%mdl 8192] White leaves nothing to chance now.} (46... f4+ $11 47. Kh3 Re2) 47. h7 $18 Kxc4 48. h8=Q {[%emt 0:00:10][%cal Oa1a2] Threatening mate with Rxa2!} b3 49. Qxf6 Kb4 50. Qxf5 c5 51. Qe5 c4 52. Rd1 Ka3 53. Rd7 {[%emt 0:02:41] Ra7+ would kill now.} c3 54. Ra7+ Kb2 55. Qa5 Kb1 (55... Rc1 $18 56. Qa3+ Kc2) 56. Qf5 (56. Qa4 $142 b2 57. Qxa2+ Kc1 58. Qc4 Rg2+ 59. Kf3 Kc2 60. Rc7 b1=N 61. Qa2+ {[%mdl 64] Skewer} Kc1 62. Kxg2) 56... Kb2 57. Qa5 Kb1 $1 58. Qa3 (58. Qa4 $142 b2 59. Qxa2+ Kc1 60. Qc4 Rg2+ 61. Kf3 Kc2 62. Rc7 b1=N 63. Qa2+ {[%mdl 64] Skewer} Kc1 64. Kxg2) 58... Rb2 59. Qc5 {[%emt 0:00:22] White wants to mate with Qg1+.} c2 {[%emt 0:00:27] [#]} 60. Qf5 $2 (60. Rc7 $1 {mates} Ka1 61. Qd4 Kb1 62. Qg1+ c1=Q 63. Rxc1#) 60... Ka1 $2 (60... a1=R $18 61. Qf1+ {[%mdl 64] Skewer} c1=Q 62. Rxa1+ {[%mdl 64] Deflection} Kxa1 63. Qxc1+ Ka2) 61. Rc7 {[%emt 0:00:48] White mates.} Rb1 62. Qe5+ Rb2 63. Rc6 Kb1 64. Qe1+ {[%emt 0:00:05] Weighted Error Value: White=0.60/Black=0.45} 1-0

[Event "SixDays Budapest March IM 2023"]
[Site "Budapest"]
[Date "2023.03.25"]
[Round "2.4"]
[White "Halak, Miklos"]
[Black "Horvath, David"]
[Result "1/2-1/2"]
[ECO "C11"]
[WhiteElo "2257"]
[BlackElo "2380"]
[Annotator "TA"]
[PlyCount "39"]
[EventDate "2023.03.24"]
[EventType "tourn"]
[EventCountry "HUN"]
[SourceTitle "playchess.com"]
[Source "ChessBase"]
[SourceQuality "1"]
[TimeControl "5400+30"]

1. e4 e6 2. d4 d5 3. Nc3 Nf6 4. Bg5 dxe4 5. Nxe4 Be7 6. Bxf6 gxf6 7. Nf3 f5 8. Nc3 a6 {[%emt 0:00:16] The position is equal. C13: French: Classical System: 4 Bg5 Be7, Alekhine-Chatard Attack.} 9. g3 b5 10. Bg2 {[%emt 0:00:20] [#] Strongly threatening Ne5.} Bb7 11. O-O {[%emt 0:00:16][%cal Od4d5] With the idea d5!} O-O 12. Ne5 Bxg2 13. Kxg2 b4 {[%emt 0:00:04] [#] An uneventful encounter.   Weighted Error Value: White=0.05 (flawless) /Black=0.00 (flawless)} {Predecessor:} 14. Na4 $146 Qd5+ 15. Qf3 Qxf3+ 16. Nxf3 Rd8 17. Rfd1 Nd7 18. c4 bxc3 19. Nxc3 Nb6 20. Ne5 {0-1 Hansen,E (2606)-Clarke,B (2470) Titled Tuesday intern op 21st Jun Late blitz 2022 (11)} 1/2-1/2

[Event "SixDays Budapest March IM 2023"]
[Site "Budapest"]
[Date "2023.03.25"]
[Round "2.5"]
[White "Balogh, Peter"]
[Black "To, Nhat Minh"]
[Result "0-1"]
[ECO "C47"]
[WhiteElo "2264"]
[BlackElo "2342"]
[Annotator "TA"]
[PlyCount "60"]
[EventDate "2023.03.24"]
[EventType "tourn"]
[EventCountry "HUN"]
[SourceTitle "playchess.com"]
[Source "ChessBase"]
[SourceQuality "1"]
[TimeControl "5400+30"]

1. e4 e5 2. Nf3 Nf6 3. Nc3 Nc6 4. d4 exd4 5. Nxd4 Bb4 6. Nxc6 bxc6 7. Bd3 d5 8. Bd2 O-O 9. O-O Rb8 {[%emt 0:00:38] C47: Scotch Four Knights and Four Knights with 4 g3.} 10. Re1 Bg4 11. f3 Bh5 {[%emt 0:00:08] [#] The position is equal.} 12. Qc1 $146 ({Predecessor:} 12. e5 Nd7 13. Na4 c5 14. b3 Ba3 15. c4 Nb6 16. Nxb6 cxb6 17. Qc2 Bg6 18. cxd5 Qxd5 19. Bxg6 hxg6 {½-½ Jacobson,B (2491)-Ter Sahakyan,S (2640) Titled Arena Mar 6th blitz 2021}) 12... Bg6 13. e5 Nd7 14. Bxg6 fxg6 15. Na4 {[%emt 0:08:14] Black must now prevent e6.} (15. e6 {seems wilder.} Nb6 16. Nb5 Bxd2 17. Qxd2 Nc4 18. e7) 15... Qh4 {[%emt 0:03:46] And now ...Bxd2 would win.} 16. Bxb4 Qxb4 ({Don't play} 16... Rxb4 17. b3 $16) 17. b3 {[%emt 0:02:41] [#]} (17. e6 $11) 17... Nxe5 $1 $17 {[%emt 0:01:58][%mdl 64] Decoy} 18. c3 (18. Rxe5 $2 {is the wrong capture.} Qd4+ 19. Qe3 (19. Re3 $2 Rbe8 $19) 19... Qxa1+ $19) 18... Qd6 {[%emt 0:00:36] Strongly threatening ...Nd3. Black is much more active. The white rooks are badly placed.} 19. Qe3 {[%emt 0:00:17] Prevents Nd3} ({White should play} 19. Qd2) 19... Rf5 (19... Rbe8 $17 20. Qd2 g5) 20. Qxa7 $11 Rbf8 $36 {[%emt 0:00:02][%mdl 2048] ...Rh5 is the strong threat. Black fights for an advantage.} 21. Re3 $2 {[%emt 0:01:47][%mdl 8192] [#] This move loses the game for White.} (21. Qc5 $1 $11 {and White has nothing to worry.}) 21... Rh5 $1 $19 22. Qc5 {[%emt 0:04:57] [#]} (22. f4 $142 Ng4 23. Rg3 Nxh2 24. Qe3 Rxf4 25. Nc5) 22... Nxf3+ $1 23. Rxf3 Qxh2+ 24. Kf2 Rxf3+ {[%emt 0:00:27][%mdl 64] Remove Defender} 25. Kxf3 Rf5+ 26. Ke3 Qg3+ 27. Ke2 Qxg2+ 28. Kd3 Rf3+ 29. Kd4 Qg4+ 30. Ke5 Qe4# {[%emt 0:00:05] A cool game by To.   Weighted Error Value: White=0.67/Black=0.14 (very precise)} 0-1